 Dungeon Crawl Stone Soup version 0.31-a0-523-g071a6c1ffa (webtiles) character file.

Game seed: 13117896928154031606

196 bmack86 the Chopper (level 5, -7/45 HPs)
             Began as a Minotaur Fighter on Aug 12, 2023.
             Mangled by a gnoll
             ... wielding a +0 halberd
             ... led by a gnoll bouda
              (8 damage)
             ... on level 3 of the Dungeon.
             The game lasted 00:04:54 (1841 turns).

bmack86 the Chopper (Minotaur Fighter)              Turns: 1841, Time: 00:04:54

Health: -7/45      AC:  9    Str: 23    XL:     5   Next: 46%
Magic:  4/4        EV:  8    Int: 11    God:
Gold:   144        SH:  4    Dex:  9    Spells: 4/4 levels left

rFire   . . .        a - +0 war axe
rCold   . . .        c - +0 buckler
rNeg    . . .        e - +0 chain mail
rPois   .            (helmet restricted)
rElec   .            (no cloak)
rCorr   .            (no gloves)
SInv    .            (no boots)
Will    .....        (no amulet) Stlth
                     g - +6 ring of intelligence
HPRegen 0.27/turn    (no ring)
MPRegen 0.09/turn

%: no passive effects
@: no status effects
A: horns 2, retaliatory headbutt
a: no special abilities


You were on level 3 of the Dungeon.
You visited 1 branch of the dungeon, and saw 3 of its levels.

You collected 164 gold pieces.
You spent 20 gold pieces at shops.

Inventory:

Hand Weapons
 a - a +0 war axe (weapon)
Armour
 b - a +0 scale mail
 c - a +0 buckler (worn)
 e - a +0 chain mail (worn)
Jewellery
 g - a +6 ring of intelligence (left hand)
 h - a ring of protection from fire
Scrolls
 f - a scroll of fog
 k - 2 scrolls of fear {unknown}
 l - a scroll of revelation
 m - a scroll of enchant armour {unknown}
 n - a scroll of immolation {unknown}
 o - a scroll of teleportation {unknown}
 p - a scroll of vulnerability {unknown}
 q - a scroll of noise {unknown}
Potions
 d - a potion of might
 i - a potion of heal wounds
 j - 2 potions of curing


   Skills:
 - Level 3.6 Fighting
 + Level 7.0 Axes
 - Level 3.6 Armour
 - Level 3.6 Shields


You had 4 spell levels left.
You didn't know any spells.
Your spell library contained the following spells:

 Spells                   Type           Power      Damage    Failure   Level
 Magic Dart               Conj           0%         1d3       95%         1
 Blink                    Tloc           0%         N/A       98%         2
 Lesser Beckoning         Tloc           0%         N/A       98%         2
 Momentum Strike          Conj/Tloc      0%         3d8       98%         2
 Searing Ray              Conj           0%         2d4       98%         2
 Fulminant Prism          Conj/Hex       0%         3d5       100%        4


Dungeon Overview and Level Annotations

Branches:
Dungeon (3/15)

Altars:
Hepliaklqana

Shops:
D:3 ?


Innate Abilities, Weirdness & Mutations

You have a pair of horns on your head.
You reflexively headbutt those who attack you in melee.


Message History

The gnoll bouda barely misses you. You furiously retaliate!
You headbutt the gnoll bouda!
You kill the gnoll bouda!
Your Axes skill increases to level 7!
You hit the gnoll. You headbutt the gnoll.
The gnoll is heavily wounded.
The gnoll hits you but does no damage.
You barely miss the gnoll.
The gnoll is heavily wounded.
The gnoll is no longer moving quickly.
The gnoll hits you but does no damage. The gnoll barely misses you.
The gnoll hits you from afar with a +0 halberd!
The gnoll hits you with a +0 whip.
You closely miss the gnoll.
The gnoll is heavily wounded.
The gnoll hits you from afar with a +0 halberd!
* * * LOW HITPOINT WARNING * * *
The gnoll hits you with a +0 whip.
* * * LOW HITPOINT WARNING * * *
You barely miss the gnoll. Your headbutt misses the gnoll.
The gnoll is heavily wounded.
The gnoll hits you with a +0 whip.
* * * LOW HITPOINT WARNING * * *
The gnoll hits you but does no damage.
You hit the gnoll.
The gnoll is heavily wounded.
The gnoll closely misses you. The gnoll barely misses you.
You barely miss the gnoll.
The gnoll is heavily wounded.
The gnoll hits you but does no damage. The gnoll barely misses you.
You hit the gnoll.
The gnoll is severely wounded.
The gnoll barely misses you. The gnoll hits you with a +0 whip.
* * * LOW HITPOINT WARNING * * *
You hit the gnoll.
The gnoll is almost dead.
The gnoll is no longer moving quickly.
The gnoll hits you with a +0 whip.
* * * LOW HITPOINT WARNING * * *
The gnoll hits you from afar with a +0 halberd!
You die...

#. #.# ###.# ...#
#..# #..#
######..#######.#
.........@ggw....
#####..#######.#
######...##
..........#
######...## #.#
##.## #.# #.# #.#
#.# #.# ##'##


You could see a worm and 2 gnolls.

Vanquished Creatures
  A gnoll bouda (D:3)
  Jessica (D:2)
  Natasha (twice) (D:2)
  2 adders (D:2)
  2 gnolls
  2 worms (D:2)
  A dart slug (D:3)
  5 ball pythons
  5 endoplasms
  A giant cockroach (D:2)
  5 goblins
  3 hobgoblins
  4 jackals (D:1)
  2 quokkas (D:2)
  3 bats
  7 frilled lizards
  A kobold (D:1)
  3 rats
50 creatures vanquished.

Vanquished Creatures (others)
  A ghoul (D:1)
  A draconian (D:1)
  An elf (D:1)
  2 merfolk (D:1)
  A formicid (D:1)
  A spriggan (D:1)
  A human (D:1)
  A dwarf (D:1)
  An ogre (D:1)
  A felid (D:1)
  A mummy (D:1)
  4 tentacles (D:1)
16 creatures vanquished.

Grand Total: 66 creatures vanquished

Notes
Turn   | Place    | Note
-------+----------+-------------------------------------------
     0 | D:1      | bmack86 the Minotaur Fighter began the quest for the Orb.
     0 | D:1      | Reached XP level 1. HP: 19/19 MP: 0/0
     0 | D:1      | Noticed a ghoul
     0 | D:1      | Noticed a human
     0 | D:1      | Noticed a felid
     0 | D:1      | Noticed a merfolk
     0 | D:1      | Noticed a spriggan
     0 | D:1      | Noticed a dwarf
     0 | D:1      | Noticed a draconian
     0 | D:1      | Noticed a kraken
     0 | D:1      | Noticed a formicid
     0 | D:1      | Noticed a merfolk
     0 | D:1      | Noticed an ogre
     0 | D:1      | Noticed an elf
     2 | D:1      | Killed a human
     4 | D:1      | Killed a felid
     5 | D:1      | Killed a dwarf
    10 | D:1      | Killed a merfolk
    11 | D:1      | Killed a formicid
    13 | D:1      | Killed a spriggan
    13 | D:1      | Killed a merfolk
    15 | D:1      | Killed an ogre
    16 | D:1      | Killed a ghoul
    17 | D:1      | Killed a draconian
    17 | D:1      | Killed an elf
    61 | D:1      | Reached skill level 3 in Axes
    61 | D:1      | Reached XP level 2. HP: 17/26 MP: 1/1
   232 | D:1      | Reached skill level 4 in Axes
   287 | D:1      | Reached XP level 3. HP: 29/31 MP: 2/2
  1027 | D:2      | Noticed Jessica
  1031 | D:2      | Killed Jessica
  1032 | D:2      | Reached skill level 5 in Axes
  1032 | D:2      | Reached XP level 4. HP: 37/39 MP: 3/3
  1106 | D:2      | You fall into a shaft and drop 1 floor!
  1121 | D:3      | Found Pawatzoll's Magic Scroll Shop.
  1136 | D:3      | Bought a scroll of identify for 20 gold pieces
  1177 | D:3      | Found a hazy altar of Hepliaklqana.
  1364 | D:2      | Noticed Natasha
  1372 | D:2      | Killed Natasha
  1373 | D:2      | Reached skill level 6 in Axes
  1447 | D:2      | Noticed Natasha
  1455 | D:2      | Killed Natasha
  1456 | D:2      | Reached XP level 5. HP: 45/45 MP: 4/4
  1834 | D:3      | Reached skill level 7 in Axes
  1841 | D:3      | HP: 1/45 [gnoll/+0 whip[a gnoll bouda] (3)]
  1841 | D:3      | Mangled by a gnoll

Illustrated notes

Levels and vault maps discovered:
D:1:      nicolae_arrival_kraken_aquarium_a, layout_basic,
          minmay_misc_feat_doors
D:2:      layout_basic, uniq_jessica, uniq_natasha
D:3:      layout_loops_corners, old_standard_altar, serial_shops,
          nicolae_shop_trees, basic_ecumenical_altar, uniq_sigmund

Skill      XL: |  1  2  3  4  5 |
---------------+----------------+-----
Axes           | 3 4 5 6 7 |  7.0
Fighting       | |  3.6
Armour         | |  3.6
Shields        | |  3.6

Action                     |  1- 3 |  4- 6 || total
---------------------------+-------+-------++-------
  Melee: War axe           |    64 |    63 ||   127
         Headbutt          |     8 |     6 ||    14
    Use: Scroll            |       |     4 ||     4
 Armour: Chain mail        |    46 |    29 ||    75
         Skin              |       |     1 ||     1
  Dodge: Dodged            |    22 |    19 ||    41
  Block: Buckler           |    12 |    18 ||    30

Table legend: (Time is in decaauts)
 A = Elapsed time spent in this place.
 B = Non-inter-level travel time spent in this place.
 C = Inter-level travel time spent in this place.
 D = Time resting spent in this place.
 E = Time spent auto-exploring this place.
 F = Levels seen in this place.
 G = Mean time per level.
                   A        B        C        D        E       F      G
               +--------+--------+--------+--------+--------+-----+--------+
         Total |   1876 |   1824 |     52 |     61 |   1135 |   3 |  625.3 |
       Dungeon |   1876 |   1824 |     52 |     61 |   1135 |   3 |  625.3 |
               +--------+--------+--------+--------+--------+-----+--------+

Top non-repeatable levels by time:
     D:1: 884 daAuts
     D:2: 791 daAuts
     D:3: 200 daAuts
